 Dungeon Crawl Stone Soup version 0.28-a0-1130-gc51a68064b (webtiles) character file.

Game seed: 2327030800524562888

91 SensoryNuts the Slasher (level 4, -6/36 HPs)
             Began as a Demigod Gladiator on Dec 12, 2021.
             Mangled by an ogre (27 damage)
             ... on level 3 of the Dungeon.
             The game lasted 00:02:15 (2912 turns).

SensoryNuts the Slasher (Demigod Gladiator)         Turns: 2912, Time: 00:02:16

Health: -6/36      AC:  7    Str: 19    XL:     4   Next: 11%
Magic:  6/6        EV: 12    Int: 10    God:
Gold:   39         SH:  0    Dex: 15    Spells: 3/3 levels left

rFire   . . .      SeeInvis .   a - +0 long sword
rCold   . . .      Faith    .   (no shield)
rNeg    . . .      Spirit   .   g - +0 ring mail
rPois   .          Reflect  .   c - +1 helmet
rElec   .          Harm     .   (no cloak)
rCorr   .          Rampage  .   (no gloves)
Will    .....                   (no boots)
Stlth   +.........              (no amulet)
HPRegen 0.12/turn               (no ring)
MPRegen 0.10/turn               (no ring)

@: no status effects
A: high mp 1, forlorn, divine attributes
a: no special abilities


You were on level 3 of the Dungeon.
You visited 1 branch of the dungeon, and saw 3 of its levels.

You collected 39 gold pieces.

Inventory:

Hand Weapons
 a - a +0 long sword (weapon)
Missiles
 d - 3 throwing nets (quivered)
Armour
 b - a +0 leather armour
 c - a +1 helmet (worn)
 g - a +0 ring mail (worn)
Jewellery
 h - a ring of willpower
 k - a +6 ring of strength
Wands
 j - a wand of flame (10)
Scrolls
 e - a scroll of identify {unknown}
 f - a scroll of magic mapping {unknown}
Potions
 i - a potion of haste {unknown}


   Skills:
 + Level 2.1 Fighting
 + Level 3.6 Long Blades
 + Level 1.8 Throwing
 + Level 1.3 Armour
 + Level 3.3 Dodging
 + Level 0.2 Stealth


You had 3 spell levels left.
You didn't know any spells.
Your spell library contained the following spells:

 Spells                   Type           Power      Damage    Failure   Level
 Shock                    Conj/Air       0%         1d3       54%         1
 Swiftness                Air            0%         N/A       89%         3
 Airstrike                Air            0%         N/A       100%        4


Dungeon Overview and Level Annotations

Branches:
Dungeon (3/15)


Innate Abilities, Weirdness & Mutations

You have an increased reservoir of magic. (+10% MP)
You shall have no god before yourself.
Your divine heritage dramatically boosts your attributes as you level up.


Message History

k - a +6 ring of strength
There is an open door here.
Found a stone staircase leading down.
There is a stone staircase leading down here.
Found a leather armour.
No target in view!
No target in view!
You see here a +0 leather armour.
You now have 39 gold pieces (gained 8).
An ogre comes into view. It is wielding a +0 giant club.
The ogre shouts!
An ogre is nearby!
An ogre is nearby!
An ogre is nearby!
A frilled lizard comes into view.
The frilled lizard hisses angrily.
You hit the ogre.
The ogre is lightly wounded.
The ogre hits you with a +0 giant club!
You closely miss the ogre.
The ogre is lightly wounded.
The ogre closely misses you.
You hit the ogre.
The ogre is lightly wounded.
The ogre misses you.
You barely miss the ogre.
The ogre is lightly wounded.
The ogre hits you with a +0 giant club.
You hit the ogre.
The ogre is moderately wounded.
The ogre closely misses you.
You slash the ogre!
The ogre is heavily wounded.
The frilled lizard misses you. The ogre barely misses you.
The frilled lizard bites you but does no damage.
You hit the ogre.
The ogre is severely wounded.
The ogre hits you with a +0 giant club!!
Ouch! That really hurt!
You die...

..####.##.........#
#.#.#.# #. ..#
#.##.........#
#.#.#.# #. ..#
#.##.........#
#.#.#.# #. ..#
#+##.........#
#.#.#.# #. ..#
######..### #.#.#.#
#. ..# ##.# #.#.#.#
#. .. #######.##
#.#.# #. .........#
#. .......#@# ##
.......#Ol#
............
##............
##...####.##...
#... .. .. #... #.#
. #. ..


You could see an ogre and a frilled lizard.

Vanquished Creatures
  A hound (D:3)
  2 worms
  2 dart slugs (D:1)
  9 endoplasms
  6 giant cockroaches
  4 goblins
  3 hobgoblins
  A quokka (D:2)
  7 ball pythons
  4 bats
  2 kobolds
  5 rats
46 creatures vanquished.

Notes
Turn   | Place    | Note
-------+----------+-------------------------------------------
     0 | D:1      | SensoryNuts the Demigod Gladiator began the quest for the
                  | Orb.
     0 | D:1      | Reached XP level 1. HP: 17/17 MP: 3/3
   270 | D:1      | Reached XP level 2. HP: 11/24 MP: 4/4
  1547 | D:2      | Reached XP level 3. HP: 29/29 MP: 5/5
  2664 | D:3      | Reached skill level 1 in Armour
  2664 | D:3      | Reached XP level 4. HP: 36/36 MP: 6/6
  2904 | D:3      | Noticed an ogre
  2912 | D:3      | Mangled by an ogre

Illustrated notes

Levels and vault maps discovered:
D:1:      dpeg_arrival_prison, layout_rooms
D:2:      layout_basic, basic_altar, chequers_serial_rivers_micro_e,
          minmay_misc_feat_x
D:3:      layout_basic, chequers_ecumenical_altar_island

Skill      XL: |  1  2  3 |
---------------+----------+-----
Long Blades    | 3 |  3.6
Dodging        | 3 |  3.3
Fighting       | 2 |  2.1
Armour         | 1 |  1.3
Throwing       | |  1.8
Stealth        | |  0.2

Action                   |  1- 3 |  4- 6 || total
-------------------------+-------+-------++-------
Melee: Long sword        |   153 |    16 ||   169
  Use: Scroll            |     2 |       ||     2
Armor: Leather armour    |    44 |       ||    44
       Ring mail         |    42 |     2 ||    44
Dodge: Dodged            |   128 |    10 ||   138

Table legend: (Time is in decaauts)
 A = Elapsed time spent in this place.
 B = Non-inter-level travel time spent in this place.
 C = Inter-level travel time spent in this place.
 D = Time resting spent in this place.
 E = Time spent auto-exploring this place.
 F = Levels seen in this place.
 G = Mean time per level.
                   A        B        C        D        E       F      G
               +--------+--------+--------+--------+--------+-----+--------+
         Total |   2952 |   2952 |      0 |      0 |   2425 |   3 |  984.0 |
       Dungeon |   2952 |   2952 |      0 |      0 |   2425 |   3 |  984.0 |
               +--------+--------+--------+--------+--------+-----+--------+

Top non-repeatable levels by time:
     D:2: 1355 daAuts
     D:1: 1299 daAuts
     D:3: 296 daAuts
